[Event "Team 45 45 League T66"]
[Site "Internet Chess Club"]
[Date "2015.09.13"]
[Round "2"]
[White "Tobiasdelmonte"]
[Black "RubberDuck"]
[Result "1-0"]
[WhiteElo "1865"]
[BlackElo "1841"]
[Opening "King's Indian: London system"]
[ECO "A48"]
[Time "12:00:57"]
[TimeControl "2700+45"]

1. d4 Nf6 2. Nf3 g6 3. Bf4 Bg7 4. e3 c5 5. Be2 O-O 6. O-O d6 7. h3 Nc6 8. c4 Qb6
9. b3 Bf5 10. Nc3 Ne4 11. Na4 Qc7 12. dxc5 Bxa1 13. Qxa1 Rad8 14. Bh6 Nf6 15. g4
Rfe8 16. gxf5 dxc5 17. Nxc5 b6 18. Ne4 Ne5 19. Nxe5 {Black resigns} 1-0

[Event "Team 45 45 League T66"]
[Site "Internet Chess Club"]
[Date "2015.09.13"]
[Round "2"]
[White "fledermaus"]
[Black "passedpawn"]
[Result "1-0"]
[WhiteElo "1903"]
[BlackElo "1833"]
[Opening "QGD: Orthodox defense, Bd3 line, fianchetto variation"]
[ECO "D66"]
[Time "14:00:36"]
[TimeControl "2700+45"]

1. Nf3 Nf6 2. c4 e6 3. Nc3 d5 4. d4 c6 5. Bg5 Be7 6. e3 Nbd7 7. Rc1 O-O 8. Bd3
dxc4 9. Bxc4 b5 10. Bd3 a6 11. Bxf6 Nxf6 12. O-O Bb7 13. Ne4 Rc8 14. Nc5 Bxc5
15. dxc5 Qc7 16. Qc2 a5 17. a3 Rfd8 18. Rfd1 g6 19. e4 Nd7 20. Qc3 e5 21. Bb1
Re8 22. Ba2 Rcd8 23. Ng5 Re7 24. Qf3 Rf8 25. Qh3 h5 26. Rd6 Kg7 27. Qc3 Bc8 28.
f4 a4 29. Rf1 Qa7 30. Rxc6 Bb7 31. Rc7 Qb8 32. Rxd7 Rxd7 33. fxe5 Re7 34. Nxf7
Bxe4 35. e6+ Kh7 36. Ng5+ Kh6 37. Nxe4 Rxf1+ 38. Kxf1 Qf4+ 39. Nf2 g5 40. g3 Qf5
41. c6 Rc7 42. Qh8+ Rh7 43. Qd4 b4 44. axb4 Rg7 45. Bc4 Qb1+ 46. Kg2 Qg6 47. Qe5
h4 48. e7 Qxc6+ 49. Bd5 h3+ 50. Nxh3 Qc2+ 51. Nf2 Rxe7 {Black resigns} 1-0

[Event "Team 45 45 League T66"]
[Site "Internet Chess Club"]
[Date "2015.09.11"]
[Round "2"]
[White "Ajolote"]
[Black "jonesey"]
[Result "0-1"]
[WhiteElo "1638"]
[BlackElo "1951"]
[Opening "Sicilian: Najdorf, Byrne (English) attack"]
[ECO "B90"]
[Time "19:01:12"]
[TimeControl "2700+45"]

1. e4 c5 2. Nf3 d6 3. d4 cxd4 4. Nxd4 Nf6 5. Nc3 a6 6. Be3 e6 7. f3 b5 8. g4
Nbd7 9. h4 Nb6 10. h5 Qc7 11. g5 Nfd7 12. f4 Bb7 13. a3 d5 14. e5 b4 15. axb4
Bxb4 16. Bd2 Nxe5 17. fxe5 Qxe5+ 18. Nce2 Bxd2+ 19. Qxd2 O-O 20. O-O-O Nc4 21.
Qd3 Qxg5+ 22. Kb1 e5 23. Nb3 Rac8 24. Qg3 Qxg3 25. Nxg3 Ne3 26. Rd2 f5 27. Bh3
d4 28. Rg1 Rc7 29. Nf1 Nxc2 30. Rxc2 Be4 31. Rg2 Rfc8 32. Na1 d3 33. Rxc7 d2+
34. Ka2 d1=Q 35. Rxc8+ Kf7 36. Rc7+ Kf6 37. Rgc2 Bxc2 38. Nxc2 Qxh5 39. Rc6+ Kg5
40. Bg2 Qe2 41. Rc7 g6 42. Bh3 h5 43. Rc3 f4 44. Rc5 Kh4 45. Rc3 g5 {White
resigns} 0-1

[Event "Team 45 45 League T66"]
[Site "Internet Chess Club"]
[Date "2015.09.14"]
[Round "2"]
[White "parrot9"]
[Black "fireball"]
[Result "1-0"]
[WhiteElo "1686"]
[BlackElo "1604"]
[Opening "KGD: Falkbeer counter-gambit"]
[ECO "C31"]
[Time "15:03:25"]
[TimeControl "2700+45"]

1. e4 e5 2. f4 d5 3. exd5 exf4 4. Nf3 Qxd5 5. Nc3 Qe6+ 6. Be2 Bc5 7. d4 Bd6 8.
O-O Bd7 9. Ng5 Qf5 10. Nge4 g5 11. Nxd6+ cxd6 12. Bd3 Qf6 13. Bc4 Qg7 14. Nd5
Kd8 15. Nxf4 gxf4 16. Bxf4 Nc6 17. c3 Nf6 18. Bxd6 Na5 19. Be5 Qxg2+ 20. Kxg2
Rg8+ 21. Kh1 Ne4 22. Bd5 Bc6 23. Bxc6 Nxc6 24. Qf3 Nd2 25. Qd5+ Kc8 26. Rxf7
Nxe5 27. dxe5 {Black resigns} 1-0

[Event "Team 45 45 League T66"]
[Site "Internet Chess Club"]
[Date "2015.09.14"]
[Round "2"]
[White "roji"]
[Black "LittleButton"]
[Result "0-1"]
[WhiteElo "1866"]
[BlackElo "1833"]
[Opening "Polish (Sokolsky) opening"]
[ECO "A00"]
[Time "19:12:36"]
[TimeControl "2700+45"]

1. b4 e6 2. Bb2 Nf6 3. a3 d5 4. e3 Bd6 5. c4 c6 6. c5 Bc7 7. Nf3 Nbd7 8. d4 Ne4
9. Nfd2 f5 10. Nxe4 fxe4 11. Qh5+ g6 12. Qh6 Qe7 13. f4 Nf6 14. Qh4 Nh5 15. Qf2
Ng7 16. Nc3 Nf5 17. O-O-O O-O 18. g3 a5 19. b5 e5 20. bxc6 bxc6 21. g4 exd4 22.
exd4 Ne3 23. f5 Nxd1 24. Kxd1 gxf5 25. gxf5 Bxf5 26. Rg1+ Bg6 27. Qe2 Qh4 28.
Rg4 Rxf1+ 29. Kc2 Qf2 {White resigns} 0-1

[Event "Team 45 45 League T66"]
[Site "Internet Chess Club"]
[Date "2015.09.13"]
[Round "2"]
[White "LazyPeon"]
[Black "allaboutthegyro"]
[Result "0-1"]
[WhiteElo "1670"]
[BlackElo "1924"]
[Opening "Dutch: classical variation"]
[ECO "A96"]
[Time "14:30:34"]
[TimeControl "2700+45"]

1. d4 e6 2. c4 f5 3. g3 Nf6 4. Nf3 Be7 5. Bg2 O-O 6. O-O d6 7. Nc3 Ne4 8. Nxe4
fxe4 9. Nd2 d5 10. f3 Nc6 11. fxe4 Rxf1+ 12. Nxf1 dxc4 13. Be3 Bd7 14. Rc1 b5
15. a4 a6 16. b3 Ba3 17. Ra1 Bb2 18. axb5 Nb4 19. Ra4 axb5 20. Rxb4 Qe7 21. e5
Ra1 22. Qc2 c3 23. Be4 h6 24. Bh7+ Kh8 25. Qg6 Qxb4 26. Bxh6 Qxd4+ 27. e3 Qxe5
28. Bf4 Qf5 29. Kf2 c2 {White resigns} 0-1

[Event "Team 45 45 League T66"]
[Site "Internet Chess Club"]
[Date "2015.09.12"]
[Round "2"]
[White "drbishop"]
[Black "Bryant-L"]
[Result "1-0"]
[WhiteElo "1805"]
[BlackElo "1731"]
[Opening "Modern defense: Averbakh system, Kotov variation"]
[ECO "A40"]
[Time "13:00:38"]
[TimeControl "2700+45"]

1. d4 g6 2. c4 Bg7 3. Nc3 d6 4. e4 Nc6 5. Be3 e5 6. d5 Nce7 7. Be2 f5 8. Nf3 Nf6
9. Bg5 O-O 10. Qd2 f4 11. O-O-O h6 12. Bxf6 Bxf6 13. g3 fxg3 14. hxg3 g5 15.
Rxh6 Kg7 16. Rdh1 Ng6 17. Rh7+ Kg8 18. Kb1 Rf7 19. Rxf7 Kxf7 20. Rh5 Bg4 21.
Nxg5+ Bxg5 22. Rxg5 Bxe2 23. Nxe2 Qh8 24. Rf5+ Kg7 25. Nc1 Qh1 26. f3 Rh8 27.
Qg5 Qh6 28. Qf6+ Kh7 29. Qf7+ Qg7 30. Rh5# {Black checkmated} 1-0

[Event "Team 45 45 League T66"]
[Site "Internet Chess Club"]
[Date "2015.09.10"]
[Round "2"]
[White "pokerram"]
[Black "hondocando"]
[Result "1/2-1/2"]
[WhiteElo "1732"]
[BlackElo "1731"]
[Opening "QGD"]
[ECO "D52"]
[Time "19:00:14"]
[TimeControl "2700+45"]

1. Nf3 d5 2. d4 Nf6 3. c4 c6 4. Nc3 e6 5. Bg5 Nbd7 6. e3 Be7 7. c5 O-O 8. Bd3 b6
9. b4 a5 10. a3 Ba6 11. Bxa6 Rxa6 12. Qe2 b5 13. O-O h6 14. Bf4 Nh5 15. Ne5 Nxf4
16. exf4 Nxe5 17. fxe5 Qa8 18. Rab1 axb4 19. axb4 Qa7 20. f4 Ra8 21. f5 exf5 22.
Rxf5 Ra1 23. Rbf1 Rxf1+ 24. Rxf1 Qa3 25. Qf3 f5 26. Nxd5 cxd5 27. Qxd5+ Kh8
{Game drawn by mutual agreement} 1/2-1/2

[Event "Team 45 45 League T66"]
[Site "Internet Chess Club"]
[Date "2015.09.13"]
[Round "2"]
[White "SlimeDog2"]
[Black "PuzzleMaster"]
[Result "1-0"]
[WhiteElo "2057"]
[BlackElo "2039"]
[Opening "King's Indian: Makagonov system (5.h3)"]
[ECO "E71"]
[Time "14:10:34"]
[TimeControl "2700+45"]

1. d4 Nf6 2. c4 g6 3. Nc3 Bg7 4. e4 d6 5. h3 O-O 6. Nf3 e5 7. d5 a5 8. Be3 Na6
9. Be2 Nh5 10. g3 f5 11. exf5 gxf5 12. Nh4 Nf6 13. Bd3 f4 14. gxf4 exf4 15. Bxf4
Nc5 16. Rg1 Ng4 17. Bg3 Nxf2 18. Bxf2 Rxf2 19. Bxh7+ Kxh7 20. Qh5+ Kg8 21. Kxf2
Qf6+ 22. Nf3 Bf5 23. Qh4 Qf7 24. Kg2 Re8 25. Kh1 {Black resigns} 1-0

[Event "Team 45 45 League T66"]
[Site "Internet Chess Club"]
[Date "2015.09.12"]
[Round "2"]
[White "modiglani"]
[Black "cesaralexander"]
[Result "0-1"]
[WhiteElo "1786"]
[BlackElo "1959"]
[Opening "Queen's pawn: Chigorin variation"]
[ECO "D00"]
[Time "11:54:16"]
[TimeControl "2700+45"]

1. d4 d5 2. Nc3 Nf6 3. Bf4 a6 4. f3 Bf5 5. Qd2 e6 6. O-O-O c5 7. dxc5 Nc6 8. g4
Bg6 9. h4 h5 10. g5 Nd7 11. Bd6 Bxd6 12. cxd6 Nb6 13. e4 d4 14. Nce2 Nc4 15. Qf4
e5 16. Qg3 Qxd6 17. Rd3 Qb4 18. b3 Qa3+ 19. Kd1 Nb2+ 20. Ke1 Nxd3+ 21. cxd3 Qxa2
{White resigns} 0-1

[Event "Team 45 45 League T66"]
[Site "Internet Chess Club"]
[Date "2015.09.11"]
[Round "2"]
[White "spand42"]
[Black "G-force"]
[Result "0-1"]
[WhiteElo "2010"]
[BlackElo "2113"]
[Opening "Bogo-Indian defense, Nimzovich variation"]
[ECO "E11"]
[Time "15:02:26"]
[TimeControl "2700+45"]

1. d4 Nf6 2. c4 e6 3. Nf3 Bb4+ 4. Bd2 Qe7 5. g3 Nc6 6. Bg2 Bxd2+ 7. Nbxd2 O-O 8.
O-O d6 9. e4 e5 10. d5 Nb8 11. Ne1 a5 12. Nd3 Na6 13. a3 Bg4 14. Bf3 Bxf3 15.
Qxf3 a4 16. Qd1 Qd7 17. f4 exf4 18. gxf4 b5 19. e5 Qf5 20. exf6 Qxd3 21. cxb5
Nc5 22. fxg7 Rfe8 23. Nf3 Qe3+ 24. Kh1 Rab8 25. Qc2 Qd3 26. Qxd3 Nxd3 27. Nd4
Re4 28. Nf5 Rxb5 29. Rg1 Nf2+ 30. Kg2 Rxf4 31. Ne7+ Kxg7 32. Rgf1 Rxb2 33. Kg3
Rf6 34. Rac1 Ne4+ 35. Kh3 Rxf1 36. Rxf1 Rb3+ 37. Kg4 Rxa3 38. Kf5 Nc5 39. Rg1+
Kf8 40. Kf6 Rf3+ 41. Nf5 Ne4# {White checkmated} 0-1

[Event "Team 45 45 League T66"]
[Site "Internet Chess Club"]
[Date "2015.09.20"]
[Round "2"]
[White "jonesey"]
[Black "Gilligan"]
[Result "1/2-1/2"]
[WhiteElo "1939"]
[BlackElo "2005"]
[Opening "Ruy Lopez: modern Steinitz defense"]
[ECO "C75"]
[Time "10:03:28"]
[TimeControl "2700+45"]

1. e4 e5 2. Nf3 Nc6 3. Bb5 a6 4. Ba4 d6 5. c3 Bd7 6. O-O g6 7. d4 Bg7 8. Bg5
Nge7 9. Nbd2 h6 10. Be3 O-O 11. b4 exd4 12. Nxd4 Ne5 13. Bb3 Ng4 14. Bf4 g5 15.
Bg3 h5 16. h3 Nf6 17. e5 dxe5 18. Bxe5 g4 19. hxg4 hxg4 20. Qc2 Nc6 21. Nxc6
Bxc6 22. Rad1 Qc8 23. Qg6 Qd8 24. Nf3 Qe7 25. Bxf6 Qxf6 26. Qxg4 Bxf3 27. gxf3
Rad8 28. c4 Qg6 29. Qxg6 fxg6 30. c5+ Kh7 31. Kg2 Bf6 32. a4 {Game drawn by
mutual agreement} 1/2-1/2

[Event "Team 45 45 League T66"]
[Site "Internet Chess Club"]
[Date "2015.09.12"]
[Round "2"]
[White "The7thGuest"]
[Black "laurenpar"]
[Result "1/2-1/2"]
[WhiteElo "1905"]
[BlackElo "1959"]
[Opening "French: Steinitz variation"]
[ECO "C11"]
[Time "08:33:38"]
[TimeControl "2700+45"]

1. e4 e6 2. d4 d5 3. Nc3 Nf6 4. e5 Nfd7 5. f4 c5 6. Nf3 Nc6 7. dxc5 Nxc5 8. Be3
Be7 9. Qd2 Bd7 10. Be2 a6 11. O-O b5 12. a3 O-O 13. Nd4 Qc7 14. Nxc6 Bxc6 15.
Bd4 g6 16. Qe3 Bb7 {Game drawn by mutual agreement} 1/2-1/2

[Event "Team 45 45 League T66"]
[Site "Internet Chess Club"]
[Date "2015.09.12"]
[Round "2"]
[White "ChessRooklift"]
[Black "JPSVI"]
[Result "1-0"]
[WhiteElo "1857"]
[BlackElo "1563"]
[Opening "Queen's pawn"]
[ECO "A40"]
[Time "21:04:16"]
[TimeControl "2700+45"]

1. d4 e6 2. g3 f5 3. Bg2 Nf6 4. Nf3 Bb4+ 5. c3 Be7 6. Qb3 c6 7. Bf4 d5 8. Nbd2
a5 9. a4 h6 10. Ne5 g5 11. Ng6 Rh7 12. Bxb8 Rxb8 13. Nxe7 Rxe7 14. Nf3 Nd7 15.
O-O Qc7 16. e3 e5 17. dxe5 Nxe5 18. Nxe5 Rxe5 19. Rac1 b6 20. Qd1 Qf7 21. Qd4
Re7 22. b4 Ba6 23. b5 cxb5 24. Bxd5 Qg6 25. Qh8+ {Black resigns} 1-0

[Event "Team 45 45 League T66"]
[Site "Internet Chess Club"]
[Date "2015.09.10"]
[Round "2"]
[White "spand42"]
[Black "Pomberito"]
[Result "1-0"]
[WhiteElo "2022"]
[BlackElo "2030"]
[Opening "Catalan: open, 5.Nf3"]
[ECO "E04"]
[Time "08:08:39"]
[TimeControl "2700+45"]

1. d4 d5 2. c4 e6 3. Nf3 Nf6 4. g3 dxc4 5. Bg2 Bd7 6. Ne5 Bc6 7. Nxc6 Nxc6 8.
O-O Qd7 9. e3 O-O-O 10. Qa4 Nd5 11. Qxc4 h5 12. Bd2 h4 13. b4 Ncxb4 14. Nc3 hxg3
15. hxg3 f5 16. Rab1 g5 17. Qb3 f4 18. Nxd5 Qh7 19. Rfc1 exd5 20. Bxb4 Bxb4 21.
Qxb4 b6 22. exf4 gxf4 23. Rc3 Rdf8 24. Rbc1 Qh2+ 25. Kf1 fxg3 26. Rxc7+ Kb8 27.
Rb7+ {Black resigns} 1-0

[Event "Team 45 45 League T66"]
[Site "Internet Chess Club"]
[Date "2015.09.14"]
[Round "2"]
[White "f5"]
[Black "PuzzleMaster"]
[Result "0-1"]
[WhiteElo "2030"]
[BlackElo "2055"]
[Opening "King's Indian: Four pawns attack"]
[ECO "A68"]
[Time "15:30:20"]
[TimeControl "2700+45"]

1. d4 Nf6 2. c4 g6 3. Nc3 Bg7 4. e4 d6 5. f4 O-O 6. Nf3 c5 7. d5 e6 8. Be2 exd5
9. cxd5 Bg4 10. h3 Bxf3 11. Bxf3 Nbd7 12. O-O a6 13. a4 Rb8 14. Qe2 Re8 15. a5
Nxe4 16. Nxe4 f5 17. Qc2 fxe4 18. Bxe4 Bd4+ 19. Kh1 Qh4 20. Bf3 Nf6 21. Bd2 b5
22. Rae1 Nh5 23. Bxh5 Qxh5 24. f5 Rxe1 25. Bxe1 Re8 26. fxg6 Re2 27. gxh7+ Kg7
28. Qd3 Re3 29. Rf5 Rxe1+ 30. Kh2 Be5+ 31. g3 Qe2+ 32. Qxe2 Rxe2+ 33. Kg1 Rxb2
34. g4 Ra2 35. g5 Kxh7 36. h4 Rxa5 37. h5 Ra2 38. Rf7+ Kg8 39. Rb7 Rh2 40. Rb8+
Kf7 41. Rb7+ Ke8 42. Rb8+ Kd7 43. Rb7+ Kc8 44. Rh7 c4 45. g6 c3 46. g7 Bxg7 47.
Kxh2 Be5+ 48. Kh3 c2 {White resigns} 0-1

[Event "Team 45 45 League T66"]
[Site "Internet Chess Club"]
[Date "2015.09.14"]
[Round "2"]
[White "gtmorton"]
[Black "alegro"]
[Result "1-0"]
[WhiteElo "2017"]
[BlackElo "1935"]
[Opening "King's Indian: Torre attack"]
[ECO "A48"]
[Time "11:00:34"]
[TimeControl "2700+45"]

1. d4 Nf6 2. Nf3 g6 3. Bg5 Bg7 4. Nbd2 d5 5. e3 O-O 6. Bd3 b6 7. O-O Ba6 8. Bxa6
Nxa6 9. Qe2 Qc8 10. c4 c5 11. cxd5 Nxd5 12. e4 Nf6 13. Rac1 Qb7 14. d5 Rfe8 15.
Rfd1 Nc7 16. Nc4 Qa6 17. Qc2 Nb5 18. e5 Ng4 19. Qe4 Nh6 20. g4 f5 21. gxf5 Nxf5
22. d6 h6 23. Bxe7 Nxe7 24. dxe7 Nc7 25. Rd7 Qc8 26. Qc6 {Black resigns} 1-0

[Event "Team 45 45 League T66"]
[Site "Internet Chess Club"]
[Date "2015.09.12"]
[Round "2"]
[White "zigzag2002"]
[Black "gump12345"]
[Result "1-0"]
[WhiteElo "2095"]
[BlackElo "1981"]
[Opening "Ruy Lopez: Berlin defense"]
[ECO "C65"]
[Time "19:08:51"]
[TimeControl "2700+45"]

1. e4 e5 2. Nf3 Nc6 3. Bb5 Nf6 4. Bxc6 dxc6 5. d3 Bd6 6. O-O O-O 7. Nbd2 Qe7 8.
Nc4 h6 9. b3 b5 10. Ne3 Ng4 11. Nf5 Bxf5 12. exf5 Qf6 13. Bb2 Qxf5 14. Re1 Rfe8
15. h3 Nf6 16. c4 Rad8 17. Qc2 Nd7 18. Rad1 f6 19. cxb5 cxb5 20. Qc6 Rb8 21. g4
Rb6 22. Qxd6 Qxg4+ 23. hxg4 cxd6 24. d4 Nf8 25. Rc1 b4 26. Rc7 Ra6 27. Ra1 Ne6
28. Rb7 Nf4 29. a3 e4 30. Nh4 Rc8 31. Nf5 Rc2 32. Rxg7+ Kf8 33. axb4 Rxa1+ 34.
Bxa1 Rc1+ 35. Kh2 Rxa1 36. Rh7 Ra6 37. Rxh6 Nd5 38. Rh8+ Kf7 39. b5 Rb6 40. Ra8
Ke6 41. Rxa7 Nb4 42. Ra5 Kd5 43. Kg3 Rb8 44. Kf4 Nd3+ 45. Ke3 Nb4 46. b6+ Kc6
47. Ra7 Rxb6 48. Ne7+ Kb5 49. Kxe4 Rb8 50. Kf5 Nd3 51. Kxf6 Rf8+ 52. Ke6 Rxf2
53. g5 Nf4+ 54. Kxd6 Rg2 55. Ke5 {Black resigns} 1-0

[Event "Team 45 45 League T66"]
[Site "Internet Chess Club"]
[Date "2015.09.11"]
[Round "2"]
[White "Monterrey"]
[Black "juniorVishy"]
[Result "0-1"]
[WhiteElo "1986"]
[BlackElo "2032"]
[Opening "QGD Slav"]
[ECO "D11"]
[Time "20:07:33"]
[TimeControl "2700+45"]

1. d4 d5 2. Nf3 Nf6 3. c4 c6 4. e3 e6 5. Nbd2 Bd6 6. b3 O-O 7. Bb2 Nbd7 8. Bd3
b6 9. Ne5 c5 10. O-O Bb7 11. Nxd7 Qxd7 12. dxc5 Bxc5 13. Bxf6 gxf6 14. Qg4+ Kh8
15. Qh4 f5 16. Qf6+ Kg8 17. Rfd1 Be7 18. Qh6 Kh8 19. Nf3 Rg8 20. Ne5 Qe8 21. Bf1
f6 22. Nd3 dxc4 23. bxc4 Rg5 24. Nf4 e5 25. Ne6 Rg6 26. Qh3 Qc6 27. e4 Rag8 28.
g3 Qxe6 29. exf5 Qc6 30. Bg2 Qxg2+ 31. Qxg2 Bxg2 32. fxg6 Bc6 33. gxh7 Kxh7 34.
Rd2 Bc5 35. Rad1 Ba4 36. Rc1 Bd4 37. Kf1 Rc8 38. f4 Be3 {White resigns} 0-1

[Event "Team 45 45 League T66"]
[Site "Internet Chess Club"]
[Date "2015.09.13"]
[Round "2"]
[White "JasonModer"]
[Black "xwang1"]
[Result "0-1"]
[WhiteElo "1863"]
[BlackElo "2029"]
[Opening "King's Indian: 4.e4"]
[ECO "E70"]
[Time "19:01:05"]
[TimeControl "2700+45"]

1. d4 Nf6 2. c4 g6 3. Nc3 Bg7 4. e4 d6 5. Bd3 O-O 6. Nge2 Nc6 7. O-O e5 8. d5
Ne7 9. f3 Nd7 10. Be3 f5 11. exf5 gxf5 12. Qd2 Nf6 13. Bh6 Ng6 14. Qg5 Bxh6 15.
Qxh6 Kh8 16. f4 e4 17. Bc2 Ng4 18. Qh3 Bd7 19. Ba4 c6 20. Rad1 Qb6+ 21. Nd4 N6e5
22. fxe5 dxe5 23. Ne2 exd4 24. Nxd4 e3 25. Qf3 Rae8 26. Qe2 Nf2 27. Rxf2 exf2+
28. Qxf2 f4 29. Bc2 cxd5 30. cxd5 Qh6 31. Nb3 Qg7 32. Qd4 Re5 33. Kh1 Bg4 34.
Rf1 f3 35. g3 f2 36. Rxf2 Re1+ 37. Kg2 Rxf2+ 38. Kxf2 Re2+ 39. Kg1 Rxc2 40. Qe4
Re2 41. Qc4 Qxb2 42. Qd4+ Qxd4+ 43. Nxd4 Rxa2 44. d6 Rd2 45. Nb5 a6 46. Nc3 Rxd6
{White resigns} 0-1

[Event "Team 45 45 League T66"]
[Site "Internet Chess Club"]
[Date "2015.09.13"]
[Round "2"]
[White "ChevalNoir"]
[Black "vjbaker"]
[Result "1-0"]
[WhiteElo "1886"]
[BlackElo "1766"]
[Opening "Bogo-Indian defense, Grünfeld variation"]
[ECO "E11"]
[Time "19:00:20"]
[TimeControl "2700+45"]

1. d4 Nf6 2. c4 e6 3. Nf3 Bb4+ 4. Nbd2 b6 5. a3 Bxd2+ 6. Bxd2 Bb7 7. g3 d6 8.
Bg2 Nbd7 9. O-O Ne4 10. Be3 f5 11. Ng5 Nxg5 12. Bxb7 Rb8 13. Bc6 Nf7 14. Qa4 a5
15. Rac1 e5 16. Rfd1 Qe7 17. b4 axb4 18. axb4 Rd8 19. Qa7 Rc8 20. c5 O-O 21.
cxd6 Nxd6 22. Bxd7 Qxd7 23. dxe5 Nb5 24. Rxd7 Nxa7 25. Rcxc7 Rxc7 26. Rxc7 Nb5
27. Rb7 Re8 28. f4 Nc3 29. Bxb6 g5 30. e3 Ne4 31. Bd4 Rc8 32. e6 Rc1+ 33. Kg2
Rc2+ 34. Kf1 Rxh2 35. Rb8# {Black checkmated} 1-0

[Event "Team 45 45 League T66"]
[Site "Internet Chess Club"]
[Date "2015.09.12"]
[Round "2"]
[White "kabindra"]
[Black "rayonline53"]
[Result "1-0"]
[WhiteElo "1755"]
[BlackElo "1520"]
[Opening "French: Rubinstein variation"]
[ECO "C03"]
[Time "12:00:41"]
[TimeControl "2700+45"]

1. e4 e6 2. d4 d5 3. Nd2 dxe4 4. Nxe4 Nd7 5. Bd3 Ngf6 6. Nxf6+ Nxf6 7. Nf3 Be7
8. Qe2 h6 9. O-O Bd7 10. c4 c5 11. d5 exd5 12. cxd5 O-O 13. Re1 Bd6 14. Bc4 Re8
15. Be3 Ng4 16. Qd3 Nxe3 17. Rxe3 Rxe3 18. Qxe3 Qf6 19. Qb3 b6 20. Bb5 Bxb5 21.
Qxb5 Kf8 22. Re1 Qd8 23. Qd3 Qd7 24. Qh7 {Black resigns} 1-0

[Event "Team 45 45 League T66"]
[Site "Internet Chess Club"]
[Date "2015.09.13"]
[Round "2"]
[White "werty"]
[Black "pcvan"]
[Result "1/2-1/2"]
[WhiteElo "1605"]
[BlackElo "1536"]
[Opening "Queen's pawn, Mason variation"]
[ECO "D00"]
[Time "14:30:42"]
[TimeControl "2700+45"]

1. d4 d5 2. Bf4 e6 3. Nf3 c5 4. c3 Nc6 5. e3 Nf6 6. Nbd2 Be7 7. h3 O-O 8. Bd3 b6
9. O-O Bb7 10. Re1 Rc8 11. Qe2 cxd4 12. exd4 Re8 13. Ne5 Bd6 14. Ndf3 Nh5 15.
Nxc6 Nxf4 16. Nxd8 Nxe2+ 17. Rxe2 Rcxd8 18. Ne5 f6 19. Nf3 e5 20. dxe5 fxe5 21.
Bb5 Re7 22. Rae1 a6 23. Ba4 b5 24. Bb3 Kf8 25. Nxe5 Rde8 26. f4 Bxe5 27. Rxe5
Rxe5 28. Rxe5 Rxe5 29. fxe5 Ke7 30. Kf2 Ke6 31. Ke3 Kxe5 32. g3 g5 33. a4 Bc8
34. h4 h6 {Game drawn by mutual agreement} 1/2-1/2

[Event "Team 45 45 League T66"]
[Site "Internet Chess Club"]
[Date "2015.09.13"]
[Round "2"]
[White "evan7284"]
[Black "Leon13"]
[Result "1-0"]
[WhiteElo "1709"]
[BlackElo "1431"]
[Opening "Queen's pawn game, Chigorin variation"]
[ECO "D02"]
[Time "13:21:15"]
[TimeControl "900+0"]

1. d4 d5 2. Nf3 Nc6 3. Bg5 Nf6 4. Bxf6 gxf6 5. e3 h5 6. c4 e6 7. a3 e5 8. Nc3
exd4 9. exd4 Ne7 10. Bd3 Be6 11. Qb3 Rg8 12. Rg1 dxc4 13. Bxc4 Bxc4 14. Qxc4 Qd7
15. O-O-O Bh6+ 16. Kb1 O-O-O 17. Qxf7 Rgf8 18. Qxh5 Rh8 19. Qb5 Qxb5 20. Nxb5
Kb8 21. Rge1 Nd5 22. g3 a6 23. Nc3 Nxc3+ 24. bxc3 Rd5 25. Re6 Rf5 26. Rd3 Rd8
27. c4 c5 28. d5 b5 29. Rb3 Kc7 30. d6+ Kd7 31. Re7+ Kxd6 32. Rh7 Bf8 33. cxb5
axb5 34. Rd3+ {Black resigns} 1-0

[Event "Team 45 45 League T66"]
[Site "Internet Chess Club"]
[Date "2015.09.11"]
[Round "2"]
[White "Bleddyn"]
[Black "tuantuan"]
[Result "0-1"]
[WhiteElo "1487"]
[BlackElo "1553"]
[Opening "Grünfeld: Russian, Alekhine (Hungarian) variation"]
[ECO "D97"]
[Time "19:13:38"]
[TimeControl "2700+45"]

1. d4 Nf6 2. c4 g6 3. Nc3 d5 4. Nf3 Bg7 5. Qb3 dxc4 6. Qxc4 O-O 7. e4 a6 8. Be2
b5 9. Qb3 Nc6 10. e5 Nd7 11. O-O Nb6 12. Rd1 Bf5 13. Be3 e6 14. h3 h5 15. Bg5
Qd7 16. Rac1 Nd5 17. Nxd5 exd5 18. Qc3 Na7 19. Qxc7 Qe6 20. Nh4 Rfc8 21. Qb7 Nc6
22. Nxf5 Qxf5 23. Rxc6 Rcb8 24. Qe7 Re8 25. Qc5 Qxg5 26. Qxd5 Rad8 27. Qc5 Ra8
28. Bf3 Qf4 29. Rc7 Rad8 30. Qa7 Re6 31. Rd7 Rxd7 32. Qxd7 Kh7 33. Bd5 Rb6 34.
Qxf7 Qg5 35. e6 Qxd5 36. e7 Qxf7 37. d5 Qxe7 {White resigns} 0-1

[Event "Team 45 45 League T66"]
[Site "Internet Chess Club"]
[Date "2015.09.20"]
[Round "2"]
[White "anishio"]
[Black "nanning"]
[Result "1-0"]
[WhiteElo "1691"]
[BlackElo "1672"]
[Opening "Ruy Lopez: closed, Pilnik variation"]
[ECO "C90"]
[Time "10:31:08"]
[TimeControl "2700+45"]

1. e4 e5 2. Nf3 Nc6 3. Bb5 a6 4. Ba4 Nf6 5. O-O Be7 6. Re1 b5 7. Bb3 d6 8. c3
O-O 9. d3 Bg4 10. h3 Bh5 11. Be3 Re8 12. Nbd2 Bf8 13. Nf1 Na5 14. Bc2 c5 15. b4
cxb4 16. cxb4 Nc6 17. a3 Bxf3 18. Qxf3 Nd4 19. Bxd4 exd4 20. Nd2 Rc8 21. Rec1 a5
22. Nb3 a4 23. Nxd4 d5 24. Nxb5 Qb6 25. Bxa4 dxe4 26. dxe4 Ra8 27. Nc3 Bd6 28.
Bxe8 {Black resigns} 1-0

[Event "Team 45 45 League T66"]
[Site "Internet Chess Club"]
[Date "2015.09.12"]
[Round "2"]
[White "skuhl99"]
[Black "ahxm"]
[Result "1-0"]
[WhiteElo "1523"]
[BlackElo "1288"]
[Opening "English opening"]
[ECO "A05"]
[Time "19:00:58"]
[TimeControl "2700+45"]

1. Nf3 Nf6 2. c4 g6 3. g3 d5 4. Bg2 Bg7 5. O-O O-O 6. d3 dxc4 7. dxc4 Nc6 8. a3
Bf5 9. Nc3 Qd7 10. Qxd7 Nxd7 11. Rd1 Nf6 12. Bf4 Rac8 13. Rac1 Nh5 14. Be3 Rfd8
15. b3 Na5 16. Nd2 Rd6 17. c5 Rdd8 18. b4 Nb3 19. Nxb3 Rxd1+ 20. Nxd1 c6 21. Bd4
Bxd4 22. Nxd4 Bg4 23. f3 Bd7 24. f4 Rd8 25. e3 Bg4 26. Nf2 Bc8 27. b5 cxb5 28.
Nxb5 a6 29. Nd4 Nf6 30. Kf1 Nd5 31. Ke2 Be6 32. Nxe6 fxe6 33. e4 Nf6 34. Rd1 Rc8
35. e5 Ne8 36. Bxb7 Rxc5 37. Bxa6 Ra5 38. Bc4 Kf7 39. Ra1 Nc7 40. Ne4 Kg7 41. a4
Kf7 42. Ng5+ Kg7 43. Nxe6+ Nxe6 44. Bxe6 Ra6 45. Bc4 Ra5 46. Kd3 Ra7 47. a5 Ra8
48. a6 Ra7 49. Rb1 Ra8 50. Rb7 Kf8 51. a7 Kg7 52. Rxe7+ Kf8 53. Rxh7 Rxa7 54.
Rxa7 Ke8 55. Kd4 Kd8 56. Kc5 Kc8 57. Rh7 Kd8 58. Kd6 Ke8 59. Bf7+ Kf8 60. Bxg6
Kg8 61. Ra7 Kf8 62. e6 Kg8 63. Bh7+ Kf8 64. e7+ Ke8 65. Bg6# {Black checkmated}
1-0